 Dungeon Crawl Stone Soup version 0.30.1-3-gfc49f6343a (webtiles) character file.

Game seed: 3762568881223413070

43173 Peloso the Tortoise (level 13, -3/105 (118) HPs)
             Began as a Minotaur Fighter on July 28, 2023.
             Was a High Priest of Okawaru.
             Slain by an orc knight
             ... wielding a +0 broad axe
              (27 damage)
             ... on level 2 of the Orcish Mines.
             The game lasted 00:33:19 (19051 turns).

Peloso the Tortoise (Minotaur Fighter)             Turns: 19051, Time: 00:33:20

HP:   -3/105 (118)  AC: 26    Str: 22    XL:     13   Next: 89%
MP:   12/13         EV: 15    Int: 10    God:    Okawaru [*****.]
Gold: 2161          SH: 15    Dex: 20    Spells: 12/12 levels left

rFire   . . .        a - +9 falchion "Spiderbane" {vamp, rPois Int+2}
rCold   . . .        d - +0 kite shield {reflect}
rNeg    . . .        R - +4 chain mail
rPois   +            w - +0 hat {Int+3}
rElec   .            s - +1 cloak {rCorr}
rCorr   +            K - +2 pair of gloves
SInv    .            (no boots)
Will    .....        (no amulet)
Stlth   +            g - +6 ring of dexterity
HPRegen 0.37/turn    h - ring of poison resistance
MPRegen 0.13/turn

%: reflection
@: about to teleport, heroic, heavily drained
A: horns 2, retaliatory headbutt
a: Renounce Religion, Heroism, Finesse, Duel


You were on level 2 of the Orcish Mines.
You worshipped Okawaru.
Okawaru was extremely pleased with you.
You visited 3 branches of the dungeon, and saw 18 of its levels.

You collected 2266 gold pieces.
You spent 105 gold pieces at shops.

Inventory:

Hand Weapons
 a - the +9 falchion "Spiderbane" (weapon) {vamp, rPois Int+2}
   (Okawaru gifted it to you on level 11 of the Dungeon)

   Int:       It affects your intelligence (+2).
   rPois:     It protects you from poison.
 b - the +7 short sword of Hopich {drain, rElec rCorr SInv}
   (You found it on level 4 of the Dungeon)

   rElec:     It insulates you from electricity.
   SInv:      It lets you see invisible.
   rCorr:     It protects you from acid and corrosion.
 c - a +1 falchion of flaming
 x - the +9 hand axe "Defeosecw" {drain, Will+ Str+7 Int-5}
   (You found it on level 4 of the Dungeon)

   Str:       It affects your strength (+7).
   Int:       It affects your intelligence (-5).
   Will:      It increases your willpower.
Missiles
 L - 2 throwing nets (quivered)
Armour
 d - a +0 kite shield of reflection (worn)
 s - a +1 cloak of preservation (worn)
 w - a +0 hat of intelligence (worn)
 K - a +2 pair of gloves (worn)
 R - a +4 chain mail (worn)
Jewellery
 g - a +6 ring of dexterity (left hand)
 h - a ring of poison resistance (right hand)
 j - a ring of willpower
 q - an amulet of faith
 z - a +6 ring of dexterity
 G - a ring of protection from cold
 I - a ring of willpower
 O - a ring of magical power
 P - an amulet of reflection
Wands
 r - a wand of quicksilver (7)
 v - a wand of mindburst (19)
 E - a wand of flame (44)
Scrolls
 e - 3 scrolls of enchant armour
 i - 8 scrolls of teleportation
 m - 6 scrolls of immolation
 n - 5 scrolls of fog
 p - 5 scrolls of magic mapping
 u - 4 scrolls of enchant weapon
 y - 4 scrolls of fear
 B - a scroll of acquirement
 C - a scroll of brand weapon {unknown}
 D - a scroll of noise {unknown}
 F - 3 scrolls of identify
 M - 2 scrolls of blinking {unknown}
 N - 3 scrolls of poison
Potions
 f - 12 potions of curing
 k - 4 potions of lignification
 l - 8 potions of might
 o - 2 potions of heal wounds
 t - 3 potions of degeneration
 A - 3 potions of flight
 H - a potion of berserk rage
 J - 2 potions of brilliance
 Q - 3 potions of haste


   Skills:
 + Level 12.2(17.2) Fighting
 + Level 10.8(18.0) Short Blades
 + Level 12.6(19.5) Long Blades
 + Level 15.5(20.5) Armour
 + Level 6.5(11.5) Dodging
 + Level 1.7(6.7) Stealth
 + Level 11.7(16.7) Shields
 + Level 2.0 Invocations
 + Level 2.5 Evocations


You had 12 spell levels left.
You didn't know any spells.
Your spell library contained the following spells:

 Spells                   Type           Power      Damage    Failure   Level
 Necrotise                Necr           0%         1d4       85%         1
 Ensorcelled Hibernation  Hex/Ice        0%         N/A       94%         2
 Lesser Beckoning         Tloc           0%         N/A       94%         2
 Scorch                   Fire           0%         2d5       94%         2
 Gell's Gravitas          Tloc           0%         N/A       99%         3
 Ignite Poison            Fire/Tmut/Pois 0%         N/A       99%         3
 Mephitic Cloud           Conj/Pois/Air  0%         N/A       99%         3
 Spider Form              Tmut/Pois      0%         N/A       99%         3
 Teleport Other           Tloc           0%         N/A       99%         3
 Vampiric Draining        Necr           0%         2d6       99%         3
 Anguish                  Hex/Necr       0%         N/A       100%        4
 Flame Wave               Conj/Fire      0%         2d4       100%        4
 Fulminant Prism          Conj/Hex       0%         3d5       100%        4
 Sticky Flame             Conj/Fire      0%         2d3       100%        4
 Agony                    Necr           0%         N/A       100%        5
 Silence                  Hex/Air        0%         N/A       100%        5
 Ignition                 Fire           0%         3d3       100%        8
 Summon Guardian Golem    Hex/Summ       Unusable   N/A       N/A         3
 Summon Cactus Giant      Summ           Unusable   N/A       N/A         6

Dungeon Overview and Level Annotations

Branches:
Dungeon (12/15)            Temple (0/1) D:6            Lair (4/5) D:11
  Swamp (0/4) Lair:3        Snake (0/4) Lair:3        Slime (0/5) Lair:4
    Orc (2/2) D:10            Elf (0/3) Orc:2

Altars:
Cheibriados
Fedhas
Hepliaklqana
Okawaru
Ru
Trog
Zin
The Shining One
Jiyva

Shops:
D:2 (   D:7 *   D:10 *   D:11 *   D:12 [   Orc:1 [

Portals:
Abyss: Lair:3
Trove: D:10 (give 5 potions of resistance)

Annotations:
D:4 2 transporters
Lair:3 2 transporters, Tali's ghost, journeyman DsBe


Innate Abilities, Weirdness & Mutations

You have a pair of horns on your head.
You reflexively headbutt those who attack you in melee.


Message History

You furiously retaliate!
You headbutt the orc knight, but do no damage.
You block the orc warrior's attack. x2
The orc knight hits you with a +0 broad axe.
Unknown command.
The orc warrior barely misses you. You furiously retaliate!
You headbutt the orc warrior! You block the orc warrior's attack.
You block the orc knight's attack.
Unknown command.
You block the orc warrior's attack. x2
The orc knight hits you but does no damage.
Unknown command.
You block the orc warrior's attack. x2; You block the orc knight's attack.
The orc warrior closely misses you.
The orc warrior hits you with a +0 flail.
You block the orc knight's attack.
The orc warrior hits you but does no damage.
You block the orc warrior's attack. You block the orc knight's attack.
The orc knight roars a battlecry!
The orcs go into a battle-frenzy!
You block the orc warrior's attack.
The orc warrior hits you with a +0 flail.
The orc knight hits you with a +0 broad axe!!
* * * LOW HITPOINT WARNING * * *
The orc warrior barely misses you. x2; You furiously retaliate!
You headbutt the orc warrior. You block the orc knight's attack.
You block the orc warrior's attack. The orc warrior barely misses you.
You furiously retaliate!
You headbutt the orc warrior. You block the orc knight's attack.
Unknown command.
As you read the scroll of teleportation, it crumbles to dust.
You feel strangely unstable. You block the orc warrior's attack.
The orc warrior hits you with a +0 flail.
* * * LOW HITPOINT WARNING * * *
The orc knight barely misses you. You furiously retaliate!
You headbutt the orc knight. You block the orc warrior's attack.
The orc warrior barely misses you. You furiously retaliate!
You headbutt the orc warrior!
The orc knight hits you with a +0 broad axe!!
You die...

#..................
#...#..#.............
#...#.o...)..........
##.##................
## ##...............
##..............
##.)).)..........
##oo..............
#@ooo.)....#...#..
####o##.......#..)..
##.#.....#.....#.))..
#....................
##.......#...........
###.................
#.................
##.#.........##...
###..........##.#


You could see 2 orc knights and 4 orc warriors.

Vanquished Creatures
  Gastronok (Lair:3)
  Donald (Orc:2)
  Snorg (Lair:4)
  A rakshasa (D:9)
  Fannar (D:12)
  A hydra (Lair:4)
  A boulder beetle (Lair:4)
  2 catoblepae (Lair:3)
  2 centaur warriors (Orc:2)
  3 two-headed ogres
  An orc high priest (Orc:1)
  Lodul (D:12)
  Pikel (D:7)
  A deep elf pyromancer (D:12)
  An orc knight (Orc:1)
  An orc sorcerer (Orc:1)
  A manticore (D:11)
  4 elephants (Lair:3)
  2 black mambas (Lair:2)
  4 cane toads
  An unseen horror (D:12)
  6 komodo dragons
  A troll (shapeshifter) (D:9)
  6 trolls
  A polar bear (Lair:4)
  5 hornets
  12 blink frogs
  10 dream sheep
  A shadow (D:10)
  3 wraiths
  48 yaks
  Eustachio (D:5)
  4 basilisks
  3 wyverns
  4 vampire mosquitoes
  2 steam dragons (D:9)
  A warg (Orc:1)
  3 nagas (Lair:3)
  5 water moccasins
  2 acid dragons
  28 orc warriors
  2 ice beasts (D:7)
  4 wolves
  17 ogres
  17 centaurs
  2 lemures (D:7)
  A kobold brigand (D:7)
  Blork the orc (D:6)
  3 gnoll sergeants
  9 bullfrogs
  2 scorpions
  A killer bee (D:9)
  3 howler monkeys
  2 lava snakes (D:10)
  19 orc priests
  3 hounds
  4 jellies
  Crazy Yiuf (D:3)
  4 sleepcaps
  Jessica (D:3)
  3 iguanas
  Terence (D:2)
  11 orc wizards
  4 adders
  12 gnolls
  3 shadow imps
  2 white imps (D:7)
  An ufetubus (D:4)
  2 worms (D:2)
  5 dart slugs
  66 orcs
  6 endoplasms
  2 giant cockroaches
  6 goblins
  10 hobgoblins
  4 jackals (D:2)
  5 quokkas
  2 ball pythons
  5 bats
  A frilled lizard (D:1)
  15 kobolds
  4 rats
  A spectral hobgoblin (D:8)
445 creatures vanquished.

Vanquished Creatures (others)
  2 orc wizards
2 creatures vanquished.

Grand Total: 447 creatures vanquished

Notes
Turn   | Place    | Note
-------+----------+-------------------------------------------
     0 | D:1      | Peloso the Minotaur Fighter began the quest for the Orb.
     0 | D:1      | Reached XP level 1. HP: 19/19 MP: 0/0
   298 | D:1      | Reached XP level 2. HP: 27/27 MP: 1/1
   329 | D:1      | Reached skill level 4 in Armour
  1061 | D:2      | Reached XP level 3. HP: 29/33 MP: 2/2
  1077 | D:2      | Found Tuboecig's Weapon Emporium.
  1106 | D:2      | Found a faded altar of an unknown god.
  1137 | D:2      | Noticed Terence
  1148 | D:2      | Killed Terence
  1242 | D:2      | You fall into a shaft and drop 2 floors!
  1297 | D:4      | Reached XP level 4. HP: 41/41 MP: 3/3
  1309 | D:4      | Reached XP level 5. HP: 10/47 MP: 4/4
  1463 | D:4      | Identified the +7 short sword of Hopich {drain, rElec rCorr
                  | SInv}
  1596 | D:3      | Noticed an ogre
  1648 | D:3      | Killed an ogre
  1649 | D:3      | Reached skill level 5 in Armour
  1649 | D:3      | Reached skill level 1 in Dodging
  2080 | D:3      | Got the Parchment of Charms and Venin
  2168 | D:3      | Noticed Jessica
  2173 | D:3      | Killed Jessica
  2174 | D:3      | Reached skill level 5 in Fighting
  2455 | D:3      | Found a runed translucent door.
  2456 | D:3      | Noticed Crazy Yiuf
  2462 | D:3      | Killed Crazy Yiuf
  2463 | D:3      | Reached XP level 6. HP: 50/56 MP: 5/5
  2473 | D:3      | Identified the +1 hammer of the Lame Duck {heavy, rN+ SInv}
  2993 | D:4      | Found a transporter.
  2995 | D:4      | Found a transporter.
  3012 | D:4      | Identified the +2 robe of Winter {Will+ Int+4}
  3061 | D:4      | Identified the +4 dagger of the Final Decision {drain,
                  | Dex+4}
  3113 | D:4      | Found a glowing golden altar of the Shining One.
  3149 | D:4      | Identified the +9 hand axe "Defeosecw" {drain, Will+ Str+7
                  | Int-5}
  3357 | D:5      | Entered Level 5 of the Dungeon
  3364 | D:5      | Reached skill level 1 in Short Blades
  3364 | D:5      | Reached skill level 6 in Armour
  3486 | D:5      | Noticed Eustachio
  3505 | D:5      | Killed Eustachio
  3506 | D:5      | Reached XP level 7. HP: 52/61 MP: 6/6
  3545 | D:5      | Found a glowing silver altar of Zin.
  3575 | D:5      | Found a sacrificial altar of Ru.
  3857 | D:5      | Found an iron altar of Okawaru.
  3873 | D:5      | Became a worshipper of Warmaster Okawaru
  4359 | D:5      | Reached skill level 7 in Armour
  4359 | D:5      | Reached XP level 8. HP: 61/69 MP: 7/7
  4568 | D:6      | Found a staircase to the Ecumenical Temple.
  4574 | D:6      | Reached skill level 5 in Shields
  4692 | D:6      | Reached skill level 5 in Short Blades
  4696 | D:6      | Reached * piety under Okawaru
  5212 | D:6      | Noticed Blork the orc
  5223 | D:6      | Killed Blork the orc
  5458 | D:7      | Found Weimyssa's Hallowed Reliquary.
  5461 | D:7      | Noticed Pikel
  5476 | D:7      | Killed Pikel
  5477 | D:7      | Reached skill level 8 in Armour
  5477 | D:7      | Reached XP level 9. HP: 59/78 MP: 8/8
  5480 | D:7      | Noticed an angel
  5624 | D:7      | Reached ** piety under Okawaru
  6366 | D:8      | Paralysed by a hornet for 3 turns
  6373 | D:8      | Reached skill level 9 in Armour
  6776 | D:8      | Found a hazy altar of Hepliaklqana.
  7093 | D:9      | Reached skill level 10 in Armour
  7104 | D:9      | Reached *** piety under Okawaru
  7122 | D:9      | Reached XP level 10. HP: 50/86 MP: 9/9
  7309 | D:9      | Reached **** piety under Okawaru
  7310 | D:9      | Reached skill level 11 in Armour
  7312 | D:9      | Noticed a two-headed ogre
  7336 | D:9      | Reached skill level 1 in Stealth
  7342 | D:9      | Noticed a rakshasa
  7349 | D:9      | Killed a two-headed ogre
  7380 | D:9      | HP: 3/86 [rock wall collision (21)]
  7578 | D:9      | Killed a rakshasa
  7579 | D:9      | Reached skill level 12 in Armour
  7796 | D:9      | Reached skill level 10 in Short Blades
  8220 | D:9      | Identified the +7 arbalest "Adaaplaz" {freeze, Will+ Str+2
                  | Int+3 Dex-5}
  8260 | D:9      | Reached ***** piety under Okawaru
  8351 | D:9      | Reached skill level 1 in Evocations
  8368 | D:9      | Reached XP level 11. HP: 61/94 MP: 10/10
  9056 | D:10     | Entered Level 10 of the Dungeon
  9187 | D:10     | Found a staircase to the Orcish Mines.
  9301 | D:10     | Received a gift from Okawaru
  9302 | D:10     | Reached skill level 1 in Invocations
  9584 | D:10     | Found a bloodstained altar of Trog.
  9836 | D:10     | Found a portal to a secret trove of treasure.
  9915 | D:10     | Found Giuts's General Store.
  9925 | D:10     | Bought a scroll of magic mapping for 105 gold pieces
  9930 | D:10     | Noticed a two-headed ogre
  9938 | D:10     | Killed a two-headed ogre
  9939 | D:10     | Reached skill level 13 in Armour
 10201 | D:10     | Found a blossoming altar of Fedhas.
 11293 | D:11     | Found Wyceo's General Store.
 11505 | D:11     | Identified the +9 falchion "Spiderbane" {vamp, rPois Int+2}
                  | (Okawaru gifted it to you on level 11 of the Dungeon)
 11505 | D:11     | Received a gift from Okawaru
 11506 | D:11     | Reached skill level 14 in Armour
 11663 | D:11     | Found a staircase to the Lair.
 11740 | Lair:1   | Entered Level 1 of the Lair of Beasts
 12033 | Lair:1   | Reached XP level 12. HP: 83/104 MP: 12/12
 12134 | Lair:1   | Reached skill level 5 in Long Blades
 12178 | Lair:1   | Found a snail-covered altar of Cheibriados.
 12706 | Lair:1   | Identified a scroll of acquirement
 12904 | Lair:2   | Reached skill level 10 in Shields
 13053 | Lair:2   | Identified the +1 chain mail of Weightlessness {+Inv rPois
                  | Int-3 Dex-5} (Okawaru gifted it to you on level 2 of the
                  | Lair of Beasts)
 13053 | Lair:2   | Received a gift from Okawaru
 13202 | Lair:2   | Reached skill level 10 in Fighting
 13290 | Lair:2   | Reached skill level 5 in Dodging
 13694 | Lair:3   | Found a staircase to the Swamp.
 13747 | Lair:3   | Noticed a catoblepas
 13889 | Lair:3   | Killed a catoblepas
 13940 | Lair:3   | Noticed a catoblepas
 13975 | Lair:3   | Killed a catoblepas
 14174 | Lair:3   | You fall into a shaft and drop 1 floor!
 14347 | Lair:4   | Noticed a boulder beetle
 14370 | Lair:4   | Killed a boulder beetle
 14507 | Lair:3   | Reached skill level 10 in Long Blades
 14512 | Lair:3   | Reached XP level 13. HP: 104/116 MP: 13/13
 14572 | Lair:3   | Noticed Tali's ghost (journeyman DsBe)
 14573 | Lair:3   | Found a one-way gate to the infinite horrors of the Abyss.
 14577 | Lair:3   | Found a transporter.
 14614 | Lair:3   | Found a transporter.
 14630 | Lair:3   | Noticed Gastronok
 14649 | Lair:3   | Killed Gastronok
 14810 | Lair:3   | Found a staircase to the Snake Pit.
 15015 | Lair:3   | Reached skill level 15 in Armour
 15344 | Lair:4   | Noticed Snorg
 15358 | Lair:4   | Killed Snorg
 15358 | Lair:4   | Received a gift from Okawaru
 15361 | Lair:4   | Found a staircase to the Slime Pits.
 15423 | Lair:4   | Found a viscous altar of Jiyva.
 16167 | D:12     | Noticed Fannar
 16189 | D:12     | Killed Fannar
 16418 | D:12     | Found Weka's Armour Shop.
 16425 | D:12     | Noticed Lodul
 16835 | D:12     | Killed Lodul
 16919 | D:12     | Identified the +0 long sword of a Gauntlet {freeze, SInv}
                  | (Okawaru gifted it to you on level 12 of the Dungeon)
 16919 | D:12     | Received a gift from Okawaru
 17178 | Orc:1    | Entered Level 1 of the Orcish Mines
 17237 | Orc:1    | Found Goxap's Antique Armour Emporium.
 17882 | Orc:2    | Entered Level 2 of the Orcish Mines
 17882 | Orc:2    | Noticed Donald
 18533 | Orc:2    | Killed Donald
 18533 | Orc:2    | Identified the +5 triple sword "Sustit" {speed, rPois rC++
                  | rN+ Str-5} (Okawaru gifted it to you on level 2 of the
                  | Orcish Mines)
 18533 | Orc:2    | Received a gift from Okawaru
 18952 | Orc:2    | Found a staircase to the Elven Halls.
 19051 | Orc:2    | Slain by an orc knight

Illustrated notes

Levels and vault maps discovered:
D:1:      saegor_arrival_simple_c, layout_loops_corners
D:2:      layout_rooms, serial_shops, shop, basic_ecumenical_altar, uniq_terence
D:3:      layout_basic, corexii_hall_statues_l, kennysheep_generic_room_14,
          uniq_jessica, uniq_crazy_yiuf_cottage
D:4:      gammafunk_wand_slinger, layout_rooms, general_overflow_altar
D:5:      layout_basic, mainiacjoe_overflow_swirl, okawaru_gym_becter,
          uniq_eustachio
D:6:      layout_layer_cave, minmay_temple_entry_glassed_door,
          uniq_blork_the_orc
D:7:      nicolae_cairo_tiling_large_dashed, layout_basic, hex_medium,
          nicolae_good_shop, uniq_pikel
D:8:      layout_loops_cross, nicolae_hepliaklqana_monster_ancestors
D:9:      minmay_spotlight, layout_loops_corners,
          nicolae_overflow_hidden_temple, minmay_shattered_shrine
D:10:     layout_long_grid, overflow_temple_1_default, erik_orc_4, serial_shops,
          shop, trove_entry_hex_spiral, kennysheep_diamond
D:11:     layout_roguey [special_room_orc], grunt_lair_entry_orc_guard_hut,
          serial_shops, kennysheep_mini
D:12:     layout_roguey, serial_shops, nicolae_shop_waterfront,
          kennysheep_small_circle, uniq_fannar, uniq_lodul
Lair:1:   layout_loops_ring, basic_altar, serial_bayou_shore_b
Lair:2:   layout_regular_city, lemuel_fruit_tree
Lair:3:   layout_regular_city, swamp_mist, minmay_snake_entry_guardpost_small,
          gammafunk_ghost_abyssal_escape, st_stairs_7, uniq_gastronok
Lair:4:   layout_gridlike, nicolae_slime_entry_slimehenge, uniq_snorg
Orc:1:    layout_caves, serial_shops, shop, mines_bat_river
Orc:2:    st_orc_rangers, layout_diamond_mine, uniq_donald

Skill      XL: |  1  2  3  4  5  6  7  8  9 10 11 12 13 |
---------------+----------------------------------------+-----
Armour         | 4 5 6 7 8 10 12 14 15 | 15.5
Fighting       | 4 5 6 7 9 11 12 | 12.2
Long Blades    | 3 4 10 12 | 12.6
Shields        | 4 5 6 7 9 10 11 | 11.7
Dodging        | 1 3 4 5 6 |  6.5
Short Blades   | 2 4 6 8 10 | 10.8
Stealth        | 1 |  1.7
Evocations     | 1 2 |  2.5
Invocations    | 1 2 |  2.0

Action                     |  1- 3 |  4- 6 |  7- 9 | 10-12 | 13-15 || total
---------------------------+-------+-------+-------+-------+-------++-------
  Melee: Long sword        |    81 |    11 |       |       |       ||    92
         Headbutt          |    10 |    12 |    69 |   211 |   110 ||   412
         Short sword       |       |    74 |   223 |   445 |     1 ||   743
         Falchion          |       |       |       |   318 |   419 ||   737
 Invoke: Heroism           |       |       |       |     4 |     5 ||     9
  Evoke: Wand              |       |       |       |     9 |       ||     9
    Use: Scroll            |     4 |     2 |     6 |     8 |     2 ||    22
         Potion            |       |       |       |     2 |     1 ||     3
 Armour: Scale mail        |    33 |       |       |       |       ||    33
         Chain mail        |    12 |    45 |    50 |    44 |   230 ||   381
         Plate armour      |       |       |    54 |   317 |       ||   371
  Dodge: Dodged            |    34 |    18 |    66 |   269 |   229 ||   616
  Block: Buckler           |    32 |    19 |    49 |   220 |   134 ||   454
         Kite shield       |       |       |       |       |   152 ||   152
         Reflection        |       |       |       |       |    25 ||    25
